 Dungeon Crawl Stone Soup version 0.28.0-43-g3370ac3207 (webtiles) character file.

Game seed: 15504944765623868461

35 tizbic2 the Skirmisher (level 3, -1/31 HPs)
             Began as a Draconian Fighter on Mar 17, 2022.
             Slain by a black bear (3 damage)
             ... on level 3 of the Dungeon.
             The game lasted 00:04:53 (945 turns).

tizbic2 the Skirmisher (Draconian Fighter)           Turns: 945, Time: 00:04:56

Health: -1/31      AC:  5    Str: 18    XL:     3   Next: 17%
Magic:  0/3        EV: 12    Int: 10    God:
Gold:   80         SH:  4    Dex: 10    Spells: 2/2 levels left

rFire   . . .      SeeInvis .   j - +0 hand axe
rCold   + . .      Faith    .   b - +0 buckler
rNeg    . . .      Spirit   +   (armour unavailable)
rPois   .          Reflect  .   (helmet restricted)
rElec   .          Harm     .   (no cloak)
rCorr   .          Rampage  .   (no gloves)
Will    .....                   (no boots)
Stlth   +.........              d - amulet of guardian spirit
HPRegen 0.10/turn               k - ring of protection from cold
MPRegen 0.08/turn               (no ring)

@: no status effects
A: AC +5, unfitting armour, cold-blooded
a: no special abilities


You were on level 3 of the Dungeon.
You visited 1 branch of the dungeon, and saw 3 of its levels.

You collected 80 gold pieces.

Inventory:

Hand Weapons
 a - a +0 flail
 j - a +0 hand axe (weapon)
Missiles
 g - 14 poisoned darts (quivered)
Armour
 b - a +0 buckler (worn)
Jewellery
 d - an amulet of guardian spirit (around neck)
 k - a ring of protection from cold (left hand)
Scrolls
 e - a scroll of amnesia {unknown}
 f - a scroll of blinking {unknown}
 h - a scroll of torment {unknown}
 l - a scroll of noise {unknown}
Potions
 c - 2 potions of might
 i - 2 potions of berserk rage {unknown}


   Skills:
 + Level 3.5 Fighting
 * Level 2.6 Maces & Flails
 + Level 2.9 Dodging
 * Level 3.4 Shields
 + Level 0.2 Spellcasting


You had 2 spell levels left.
You didn't know any spells.
Your spell library contained the following spells:

 Spells                   Type           Power      Damage    Failure   Level
 Static Discharge         Conj/Air       0%         N/A       58%         2
 Sublimation of Blood     Necr           0%         N/A       58%         2
 Wereblood                Tmut           0%         N/A       58%         2
 Call Canine Familiar     Summ           0%         N/A       83%         3
 Portal Projectile        Hex/Tloc       0%         N/A       83%         3
 Dispel Undead            Necr           0%         3d6       99%         4
 Leda's Liquefaction      Hex/Erth       0%         N/A       99%         4
 Sticky Flame             Conj/Fire      0%         2d3       99%         4
 Summon Hydra             Summ           0%         N/A       100%        7


Dungeon Overview and Level Annotations

Branches:
Dungeon (2/15)

Altars:

Shops:
D:1 (


Innate Abilities, Weirdness & Mutations

Your plain brown scales are hard. (AC +5)
You cannot fit into any form of body armour.
You are cold-blooded and may be slowed by cold attacks.


Message History

You see here an emerald potion.
You see here an emerald potion.
i - 2 emerald potions (gained 1)
You closely miss the black bear. You tail-slap the black bear.
The black bear is moderately wounded.
The black bear closely misses you.
The black bear claws you but does no damage. x2
You hit the black bear but do no damage.
The black bear is moderately wounded.
You block the black bear's attack. The black bear claws you.
The black bear closely misses you.
You hit the black bear. You tail-slap the black bear.
The black bear is moderately wounded.
The black bear bites you. The black bear barely misses you. x2
The black bear bites you. The black bear closely misses you. x2
You hit the black bear.
The black bear is heavily wounded.
The black bear barely misses you. x2
The black bear claws you but does no damage.
You hit the black bear.
The black bear is severely wounded.
The black bear bites you. The black bear closely misses you.
You block the black bear's attack.
You closely miss the black bear.
The black bear is severely wounded.
The black bear bites you.
The black bear claws you but does no damage.
The black bear claws you. The black bear barely misses you.
The black bear closely misses you. The black bear claws you.
You slash the black bear!
The black bear is almost dead.
The black bear goes berserk!
You hit the black bear.
The black bear is almost dead.
The black bear bites you! The black bear claws you. x2
* * * LOW HITPOINT WARNING * * *
The black bear barely misses you. The black bear claws you.
* * * LOW HITPOINT WARNING * * *
The black bear claws you.
You die...

#.# #.# #.# #.# #.. #.#
##.## #.####### ##...##
#.#.....# .....
#.#..#..# ... #...###.#
#.########
###..#..######h........
#.#.........@.#
#.###.######.## #.....#
#.# ####### #.# #.# #.#
#.# ...


You could see a black bear (berserk).

Vanquished Creatures
  An adder (D:3)
  2 endoplasms
  5 goblins
  3 hobgoblins
  2 jackals (D:1)
  A kobold (D:1)
  3 quokkas
  2 ball pythons
  A bat (D:3)
  2 frilled lizards (D:1)
  2 rats
24 creatures vanquished.

Vanquished Creatures (others)
  28 plants (D:1)
28 creatures vanquished.

Grand Total: 52 creatures vanquished

Notes
Turn   | Place    | Note
-------+----------+-------------------------------------------
     0 | D:1      | tizbic2 the Draconian Fighter began the quest for the Orb.
     0 | D:1      | Reached XP level 1. HP: 19/19 MP: 1/1
    40 | D:1      | Found Jaikerac's Weapon Shop.
   349 | D:1      | Reached XP level 2. HP: 22/26 MP: 2/2
   473 | D:1      | Found a faded altar of an unknown god.
   661 | D:2      | You fall into a shaft and drop 1 floor!
   802 | D:3      | Reached XP level 3. HP: 24/31 MP: 3/3
   933 | D:3      | Noticed a black bear
   945 | D:3      | Slain by a black bear

Illustrated notes

Levels and vault maps discovered:
D:1:      roderic_crop_circles_arrival_small, layout_rooms,
          shapermc_ecumenical_altar_pompeii, serial_shops, shop,
          minmay_misc_feat_secret_circle, corexii_leaking_fountain
D:2:      minmay_razor_zed, layout_basic, serial_shops, nicolae_square_shop,
          serial_bayou, serial_bayou_pond_e, serial_bayou_ford_a,
          serial_bayou_pond_e, serial_bayou_shore_a
D:3:      layout_loops_corners, minmay_crystal_room

Action                   || total
-------------------------++-------
Melee: Club              ||    40
       Tailslap          ||    14
       Flail             ||     5
       Hand axe          ||    50
Throw: Dart              ||     5
Armor: Skin              ||    25
Dodge: Dodged            ||    78
Block: Buckler           ||    23
